 Dungeon Crawl Stone Soup version 0.24-a0-358-g53aee78b01 (webtiles) character file.

Game seed: 7573587632366815382

100 mhoghedin the Grave Robber (level 4, 0/30 HPs)
             Began as a Demonspawn Necromancer on May 25, 2019.
             Succumbed to gnoll's curare-tipped dart
             ... on level 2 of the Dungeon.
             The game lasted 00:03:38 (2295 turns).

mhoghedin the Grave Robber (Demonspawn Necromancer) Turns: 2295, Time: 00:03:39

Health: 0/30       AC:  2    Str:  5 (8)  XL:     4   Next: 47%
Magic:  3/7        EV: 17    Int: 15 (18) God:
Gold:   103        SH:  0    Dex: 17 (18) Spells: 3/8 levels left

rFire    + . .     SeeInvis .   h - +0 short sword
rCold    . . .     Gourm    .   (no shield)
rNeg     . . .     Faith    .   a - +0 robe
rPois    .         Spirit   .   (helmet restricted)
rElec    .         Reflect  .   (no cloak)
rCorr    .         Harm     .   (no gloves)
MR       .....                  (no boots)
Stlth    +++.......             (no amulet)
HPRegen  0.10/turn              (no ring)
MPRegen  0.10/turn              (no ring)

@: agile, lethally poisoned (0 -> -27), slowed, very slow
A: horns 1, fire resistance 1, powered by death 1
a: no special abilities


You were on level 2 of the Dungeon.
You were not hungry.

You visited 1 branch of the dungeon, and saw 2 of its levels.

You collected 103 gold pieces.

Inventory:

Hand Weapons
 d - a +0 whip
   (You found it on level 1 of the Dungeon)
 h - a +0 short sword (weapon)
   (You found it on level 1 of the Dungeon)
Armour
 a - a +0 robe (worn)
Scrolls
 b - a scroll of fear {unknown}
 c - a scroll of noise {unknown}
 i - 3 scrolls of identify {unknown}
 j - a scroll of remove curse {unknown}
 l - a scroll of blinking {unknown}
 m - a scroll of amnesia {unknown}
Potions
 g - a potion of heal wounds {unknown}
Comestibles
 n - a ration


   Skills:
 - Level 1.7 Dodging
 - Level 1.7 Stealth
 + Level 2.6 Spellcasting
 + Level 6.2 Necromancy


You had 3 spell levels left.
You knew the following spells:

 Your Spells              Type           Power        Failure   Level  Hunger
a - Pain                  Necr           ###.         1%          1    #......
x - Vampiric Draining     Necr           ###.......   4%          3    ###....
A - Animate Skeleton      Necr           N/A          1%          1    #......

Your spell library contained the following spells:

 Spells                   Type           Power        Failure   Level  Hunger
 Regeneration             Chrm/Necr      ##........   17%         3    ###....
 Animate Dead             Necr           N/A          16%         4    #####..


Dungeon Overview and Level Annotations

Branches:
Dungeon (2/15)

Altars:


Innate Abilities, Weirdness & Mutations

You have a pair of small horns on your head.
Your flesh is heat resistant. (rF+)
You regenerate a little health from kills.


Message History

The adder misses you.
You take 1 damage, and have 21/30 hp.
Aim: an adder (heavily wounded, chance to defeat MR: 88%)
The adder barely resists.
The adder misses you.
You take 1 damage, and have 20/30 hp.
You now have 0/7 mp.
You don't have enough magic to cast that spell.
You closely miss the adder. You headbutt the adder. The adder misses you.
You are feeling hungry.
You hit the adder but do no damage. The adder barely misses you.
The rat bites you. The adder bites you.
You are poisoned.
The adder poisons you!
You take 2 damage, and have 18/30 hp.
You feel sick.
You take 1 damage, and have 17/30 hp.
The adder bites you.
You take 2 damage, and have 15/30 hp.
You feel sick.
You take 1 damage, and have 14/30 hp.
The adder bites you.
You take 5 damage, and have 10/30 hp.
You don't know that spell.
Aim: an adder (severely wounded, chance to defeat MR: 88%)
The adder writhes in agony.
You feel sick. The adder bites you.
* * * LOW HITPOINT WARNING * * *
You take 4 damage, and have 6/30 hp.
You now have 0/7 mp.
Unknown command.
The adder bites you.
* * * LOW HITPOINT WARNING * * *
You are lethally poisoned!
The adder poisons you!
You take 3 damage, and have 3/30 hp.
You feel better. The adder bites you but does no damage.
You regained 10 hp, and now have 13/30 hp.
The adder bites you but does no damage. The adder bites you.
You take 2 damage, and have 11/30 hp.
Aim: an adder (almost dead, chance to defeat MR: 88%)
The adder writhes in agony.
You kill the adder!
You take 1 damage, and have 11/30 hp.
You now have 0/7 mp.
You hit the rat. The rat bites you but does no damage.
You hit the rat.
You kill the rat!
You see here a rat corpse.
You butcher the rat corpse.
f - a chunk of flesh {@w0} You see here a rat skeleton.
You regained 2 hp, and now have 15/30 hp.
You start resting.
Eating a chunk of flesh {@w0}.
You eat the chunk of flesh {@w0}.
A gnoll comes into view. It is wielding a +0 halberd.
You regained 8 hp, and now have 23/30 hp.
MP restored: 7 A gnoll is nearby!
A gnoll is nearby!
You can't see any susceptible monsters within range! (Use Z to cast anyway.)
You can't see any susceptible monsters within range! (Use Z to cast anyway.)
You can't see any susceptible monsters within range! (Use Z to cast anyway.)
Aim: a gnoll, wielding a +0 halberd (hasn't noticed you, chance to defeat MR: 88%)
The gnoll shouts!
The gnoll writhes in agony!
A gnoll comes into view. It is wielding a +0 halberd.
You take 1 damage, and have 23/30 hp.
You now have 6/7 mp.
Aim: a gnoll, wielding a +0 halberd (heavily wounded, chance to defeat MR: 88%)
The gnoll writhes in agony.
The gnoll shouts!
You hear a shout! x2
You take 1 damage, and have 22/30 hp.
You now have 5/7 mp.
Aim: a gnoll, wielding a +0 halberd (severely wounded, chance to defeat MR: 88%)
The gnoll writhes in agony.
A gnoll comes into view. It is wielding a +0 flail.
You take 1 damage, and have 21/30 hp.
You now have 4/7 mp.
Aim: a gnoll, wielding a +0 halberd (almost dead, chance to defeat MR: 88%)
The gnoll writhes in agony.
You kill the gnoll!
The gnoll shouts!
You hear a shout!
The gnoll throws a curare-tipped dart.
The curare-tipped dart hits you.
You are poisoned.
You have difficulty breathing.
You feel yourself slow down.
You take 8 damage, and have 13/30 hp.
MASSIVE DAMAGE!!
You now have 3/7 mp.
You aren't carrying any items that you can evoke.
It was a potion of degeneration.
There was something very wrong with that liquid.
You feel weakened.
You feel dopey.
You feel clumsy.
You feel sick.
The gnoll throws a curare-tipped dart.
The curare-tipped dart hits you.
You are lethally poisoned!
You have difficulty breathing.
* * * LOW HITPOINT WARNING * * *
You feel as though you will be slow longer.
You take 10 damage, and have 3/30 hp.
MASSIVE DAMAGE!!
It was a potion of agility.
You feel agile all of a sudden.
You die...

###.####### . #....)..... #..
####.#.####### ....####....#.#
#..### .........####.# #....##
......#..####.#####.#..##
...##....##.รท.......##..####..
. ###...#.........###.......
###..).@......##>.......
#.#.........##.#####..
#.#).#.#.......# .
.....#..##.....#
#.gg...............#
......##.##.#...###....
#........##....... .....
.#....#............ ....
#....#.........### #..


You could see 2 gnolls.

Vanquished Creatures
  5 adders
  A gnoll (D:2)
  A worm (D:2)
  2 dart slugs
  A leopard gecko (D:1)
  A ball python (D:1)
  2 giant cockroaches (D:1)
  6 goblins
  3 hobgoblins
  2 jackals (D:1)
  4 kobolds (D:1)
  A quokka (D:1)
  4 bats (D:1)
  6 rats
39 creatures vanquished.

Notes
Turn   | Place    | Note
-------+----------+-------------------------------------------
     0 | D:1      | mhoghedin the Demonspawn Necromancer began the quest for
                  | the Orb.
     0 | D:1      | Reached XP level 1. HP: 13/13 MP: 3/3
   239 | D:1      | Gained mutation: You regenerate a little health from kills.
                  | [demonic ancestry]
   239 | D:1      | Reached XP level 2. HP: 13/19 MP: 0/5
   348 | D:1      | Reached skill level 5 in Necromancy
   861 | D:1      | Learned a level 1 spell: Animate Skeleton
  1216 | D:1      | Gained mutation: Your flesh is heat resistant. (rF+)
                  | [demonic ancestry]
  1216 | D:1      | Reached XP level 3. HP: 23/24 MP: 3/6
  1608 | D:2      | Learned a level 3 spell: Vampiric Draining
  1651 | D:1      | Reached skill level 6 in Necromancy
  1658 | D:1      | HP: 6/24 [bat (1)]
  2079 | D:1      | Gained mutation: You have a pair of small horns on your
                  | head. [demonic ancestry]
  2079 | D:1      | Reached XP level 4. HP: 26/30 MP: 4/7
  2191 | D:2      | HP: 6/30 [adder (2)]
  2294 | D:2      | HP: 3/30 [asphyx]
  2295 | D:2      | Succumbed to gnoll's curare-tipped dart

Levels and vault maps discovered:
D:1:      minmay_arrival_glassed_features, layout_basic
D:2:      layout_rooms, minmay_circled_x

Skill      XL: |  1  2  3 |
---------------+----------+-----
Necromancy     | 5 6 |  6.2
Dodging        | |  1.7
Stealth        | |  1.7
Spellcasting   | |  2.6

Action                   |  1- 3 |  4- 6 || total
-------------------------+-------+-------++-------
Melee: Short sword       |    12 |     4 ||    16
       Headbutt          |       |     1 ||     1
 Cast: Pain              |    63 |    17 ||    80
  Use: Potion            |     2 |     3 ||     5
  Eat: Ration            |     1 |       ||     1
       Chunk             |       |     2 ||     2
Armor: Robe              |     8 |     5 ||    13
Dodge: Dodged            |    39 |     5 ||    44

Table legend:
 A = Non-vault XP
 B = Vault XP
 C = Vault XP percentage of total XP
 D = Non-vault monster count
 E = Vault monster count
 F = Vault count percentage of total count
                 A         B        C        D         E       F
            +---------+---------+-------+---------+---------+-------
      Total |     144 |       0 |   0.0 |      39 |       0 |   0.0
            +---------+---------+-------+---------+---------+-------
        D:1 |      61 |       0 |   0.0 |      28 |       0 |   0.0
        D:2 |      83 |       0 |   0.0 |      11 |       0 |   0.0
            +---------+---------+-------+---------+---------+-------

Levels and vault maps discovered:
D:1:      minmay_arrival_glassed_features, layout_basic
D:2:      layout_rooms, minmay_circled_x

Table legend:
 A = Turns spent in this place as a percentage of turns spent in the entire game.
 B = Non-inter-level travel turns spent in this place as a percentage of non-inter-level travel turns spent in the entire game.
 C = Inter-level travel turns spent in this place as a percentage of turns spent in this place.
 D = Turns resting spent in this place as a percentage of non-inter-level travel turns spent in this place.
 E = Turns spent auto-exploring this place as a percentage of non-inter-level travel turns spent in this place.
 F = Non-inter-level travel turns spent in this place divided by the number of levels of this place that you've seen.
                   A       B       C       D       E      F
               +-------+-------+-------+-------+-------+----------------------
         Total | 100.0 | 100.0 |   1.3 |  47.0 |  38.7 | 1133.0
       Dungeon | 100.0 | 100.0 |   1.3 |  47.0 |  38.7 | 1133.0
               +-------+-------+-------+-------+-------+----------------------

Table legend:
 A = Kills in this place as a percentage of kills in entire the game.
 B = Kills by you in this place as a percentage of kills by you in the entire game.
 C = Kills by friends in this place as a percentage of kills by friends in the entire game.
 D = Other kills in this place as a percentage of other kills in the entire game.
 E = Experience gained in this place as a percentage of experience gained in the entire game.
 F = Experience gained in this place divided by the number of levels of this place that you have seen.
                   A       B       C       D       E      F
               +-------+-------+-------+-------+-------+----------------------
         Total | 100.0 | 100.0 |   N/A |   N/A | 100.0 |  72.0
       Dungeon | 100.0 | 100.0 |   N/A |   N/A | 100.0 |  72.0
               +-------+-------+-------+-------+-------+----------------------
